 Dungeon Crawl Stone Soup version 0.30.1 (webtiles) character file.

Game seed: 775494577665474323

384632 Pepete the Hoplite (level 21, -7/207 HPs)
             Began as a Minotaur Berserker on July 13, 2023.
             Was a High Priest of Trog.
             Mangled by an acid blob (22 damage)
             ... created by the Royal Jelly
             ... on level 5 of the Pits of Slime on July 14, 2023.
             The game lasted 02:42:52 (95224 turns).

Pepete the Hoplite (Minotaur Berserker)            Turns: 95224, Time: 02:42:52

Health: -7/207     AC: 18    Str: 47      XL:     21   Next: 97%
Magic:  20/20      EV: 11    Int:  5 (7)  God:    Trog [*****.]
Gold:   1640       SH:  0    Dex: 11      Spells: 20/20 levels left

rFire   + + +        O - +10 broad axe of Spores {chaos, Drain rElec Int+8 Dex+5}
rCold   + + .        I - +7 tower shield
rNeg    . . .        v - +6 ice dragon scales of Daffodils {rF- rC++ Regen+ rCorr Int-5 Dex-5}
rPois   +            E - +2 hat {SInv}
rElec   +            F - +2 cloak of the Pleiades {rF+}
rCorr   +            i - +2 pair of gloves
SInv    +            X - +2 pair of boots "Mimota" {Regen+ Str+8 Dex-5}
Will    +++..        C - amulet of regeneration Stlth
                     S - ring of Yjampopu {Fly rElec rCorr Str+4 Dex+3}
HPRegen 4.74/turn    P - ring "Jale" {*Corrode rPois rF+++ Str+2 Dex+3 Slay+4}
MPRegen 0.17/turn

%: random rage (9%), corrode self (3%)
@: confused, mighty, resistant, ambrosia-drunk, engulfed (cannot breathe),
strong-willed, corroded, on berserk cooldown, flying, regenerating, slowed,
studying 2 skills, very slow
A: horns 2, retaliatory headbutt, berserk 2, regeneration 1, evolution 1, cold
vulnerability 1, sturdy frame 1
}: 2/15 runes: decaying, gossamer
a: Renounce Religion, Berserk, Trog's Hand, Brothers in Arms


You were on level 5 of the Pits of Slime.
You worshipped Trog.
Trog was extremely pleased with you.
You visited 8 branches of the dungeon, and saw 41 of its levels.
You visited the Abyss 2 times.
You visited 1 bazaar.
You also visited: Gauntlet and Ice Cave.

You collected 4333 gold pieces.
You spent 2693 gold pieces at shops.

Inventory:

Hand Weapons
 e - the +8 whip "Snakebite" {venom, curare, rPois}
   (You took it off a meliai on level 4 of the Lair of Beasts)

   rPois:     It protects you from poison.
 m - a +6 broad axe of flaming
 G - the +7 hand axe of Xyics {antimagic, rElec}
   (You took it off a deep elf elementalist on level 3 of the Elven Halls)

   rElec:     It insulates you from electricity.
 O - the +10 broad axe of Spores (weapon) {chaos, Drain rElec Int+8 Dex+5}
   (You subdued it on level 4 of the Swamp)

   Int:       It affects your intelligence (+8).
   Dex:       It affects your dexterity (+5).
   rElec:     It insulates you from electricity.
   Drain:     It drains your maximum health when unequipped.
 V - the +11 double sword of the Dead {vamp, rN+ Int+4}
   (You subdued it on level 1 of the Depths)

   Int:       It affects your intelligence (+4).
   rN:        It protects you from negative energy.
Missiles
 o - 35 poisoned darts (quivered)
 B - 13 javelins
 J - 7 throwing nets
Armour
 i - a +2 pair of gloves (worn)
 j - a +0 kite shield of reflection
 v - the +6 ice dragon scales of Daffodils (worn) {rF- rC++ Regen+ rCorr Int-5 Dex-5}
   (You found it in an ice cave)

   Int:       It affects your intelligence (-5).
   Dex:       It affects your dexterity (-5).
   rF:        It makes you vulnerable to fire.
   rC:        It greatly protects you from cold.
   Regen:     It increases your rate of health regeneration.
   rCorr:     It protects you from acid and corrosion.
 E - a +2 hat of see invisible (worn)
 F - the +2 cloak of the Pleiades (worn) {rF+}
   (You bought it in a shop on level 2 of the Orcish Mines)

   rF:        It protects you from fire.
 I - a +7 tower shield (worn)
 X - the +2 pair of boots "Mimota" (worn) {Regen+ Str+8 Dex-5}
   (You found it in a Gauntlet)

   Str:       It affects your strength (+8).
   Dex:       It affects your dexterity (-5).
   Regen:     It increases your rate of health regeneration.
Jewellery
 a - a ring of flight
 h - a +6 ring of strength
 r - a +5 ring of evasion
 t - a +4 ring of protection
 y - an amulet of the acrobat
 A - a +6 ring of strength
 C - an amulet of regeneration (around neck)
 P - the ring "Jale" (right hand) {*Corrode rPois rF+++ Str+2 Dex+3 Slay+4}
   (You took it off a deep elf high priest on level 3 of the Elven Halls)

   [ring of slaying]

   Str:       It affects your strength (+2).
   Dex:       It affects your dexterity (+3).
   Slay:      It affects your accuracy & damage with ranged weapons and melee
   (+4).
   rF:        It renders you almost immune to fire.
   rPois:     It protects you from poison.
   *Corrode:  It may corrode you when you take damage.
 S - the ring of Yjampopu (left hand) {Fly rElec rCorr Str+4 Dex+3}
   (You took it off a deep elf demonologist on level 3 of the Elven Halls)

   [ring of flight]

   Str:       It affects your strength (+4).
   Dex:       It affects your dexterity (+3).
   rElec:     It insulates you from electricity.
   Fly:       It grants you flight.
   rCorr:     It protects you from acid and corrosion.
Wands
 b - a wand of digging (5)
 d - a wand of roots (27)
 D - a wand of mindburst (40)
 L - a wand of polymorph (23)
 Q - a wand of flame (68)
 W - a wand of quicksilver (25)
 Y - a wand of charming (47)
Scrolls
 c - 2 scrolls of silence
 g - a scroll of blinking
 n - 9 scrolls of fear
 q - 10 scrolls of fog
 s - 3 scrolls of teleportation
 w - 20 scrolls of identify
 z - 6 scrolls of butterflies
 K - 4 scrolls of poison
 M - 5 scrolls of magic mapping
 R - 7 scrolls of enchant weapon
Potions
 f - 3 potions of resistance
 k - 6 potions of ambrosia
 l - 4 potions of curing
 p - 4 potions of berserk rage
 u - a potion of mutation
 x - a potion of might
 N - a potion of cancellation
 T - 3 potions of flight
 U - 3 potions of magic
Miscellaneous
 Z - a piece from Xom's chessboard (15/15)


   Skills:
 - Level 22.0 Fighting
 + Level 9.9 Long Blades
 - Level 19.5(22.2) Axes
 - Level 17.9(21.4) Maces & Flails
 - Level 23.1 Armour
 - Level 2.1 Dodging
 - Level 23.8 Shields
 - Level 5.0 Evocations


You had 20 spell levels left.
You didn't know any spells.
Your spell library was empty.

Dungeon Overview and Level Annotations

Branches:
Dungeon (15/15)            Temple (0/1) D:7            Lair (5/5) D:9
  Swamp (4/4) Lair:3       Spider (4/4) Lair:3        Slime (5/5) Lair:4
    Orc (2/2) D:12            Elf (3/3) Orc:2        Vaults (0/5) D:13
 Depths (3/4) D:15          IceCv (visited)         Gauntlet (visited)

Altars:
Dithmenos
Fedhas
Hepliaklqana
Nemelex Xobeh
Vehumet
Xom
Jiyva
Lugonu

Shops:
Orc:2 [:[*   Elf:1 ?   Elf:3 [?[   Depths:2 :=:

Portals:
Hell: Depths:1 Depths:2 Depths:3
Abyss: Depths:1 Depths:2 Depths:3
Pandemonium: Depths:1 Depths:2 Depths:3
Ziggurat: Depths:3

Annotations:
Lair:4 3 runed translucent doors, Dupnen's ghost, journeyman GnFE


Innate Abilities, Weirdness & Mutations

You have a pair of horns on your head.
You reflexively headbutt those who attack you in melee.
You have an uncontrollable temper.
Your natural rate of healing is unusually fast.
You have hidden genetic potential.
You are vulnerable to cold. (rC-)
Your movements are slightly less encumbered by armour. (ER -2)


Message History

The acid blob suddenly seems more agile.
Your hands burn!
You hit the acid blob.
You feel better.
Your hands burn!
Your lungs strain for air!
The acid blob seems less confused.
You block the acid blob's attack. The rockslime hits you!!
You hold your ground!
You block the quicksilver ooze's attack. x2
The acid blob spits acid at you. The splash of acid hits you. You resist.
The acid corrodes you! You block the acid blob's attack.
The acid blob hits you!
You are splashed with acid.
You resist. The acid blob spits acid at you. The splash of acid hits you.
You resist.
* * * LOW HITPOINT WARNING * * *
The rockslime hits you.
* * * LOW HITPOINT WARNING * * *
You hold your ground!
You cannot read scrolls while unable to breathe!
You are confused.
You feel invigorated.
* * * LOW HITPOINT WARNING * * *
Your lungs strain for air!
The quicksilver ooze closely misses you.
The quicksilver ooze barely misses you. The acid blob hits you.
* * * LOW HITPOINT WARNING * * *
You are splashed with acid.
You resist.
* * * LOW HITPOINT WARNING * * *
The acid blob spits acid at you.
The splash of acid hits you but does no damage.
The acid corrodes you! The quicksilver ooze hits you!!
* * * LOW HITPOINT WARNING * * *
The quicksilver ooze hits you but does no damage.
The acid blob spits acid at you. The splash of acid hits you! You resist.
* * * LOW HITPOINT WARNING * * *
The acid blob spits acid at you.
The splash of acid hits you but does no damage.
You resist. The rockslime hits you.
* * * LOW HITPOINT WARNING * * *
You hold your ground!
The acid blob hits you!!
You die...

.......######.#####..............
.......# #..##?###.............
......## #.##)$/###............
....### (##..##$|)##............
...## [$....![/[!##...........
...## !......)[$(###..........
....# .|....[.$!# #...........
...#### ......JJ.####...........
......# .....JJ@J.#.............
...##...#......JJJ...##..........
....# ###.........#####..........
....# .|....|.(! #...........
...## [......$)$/ ##..........
....# )?....?)?/|###..........
....## $##..##$)[###...........
.....### #.##$[(###............
.......# #..##$###.............


You could see 4 acid blobs, 2 rockslimes and 2 quicksilver oozes.

Vanquished Creatures
  the Royal Jelly (Slime:5)
  A juggernaut (Depths:3)
  Saint Roka (Depths:3)
  2 caustic shrikes (Depths:3)
  the Lernaean hydra (Swamp:4)
  A golden dragon (Depths:3)
  4 bone dragons
  Arachne (Spider:3)
  A tentacled monstrosity (Depths:3)
  A walking crystal tome (Depths:1)
  Jorgrun (Spider:1)
  12 liches
  Asterion (Elf:1)
  An Ice Fiend (IceCv)
  2 deep elf blademasters
  A walking divine tome (Depths:1)
  The ghost of salammoniac the Imperceptible, an adept KoDe of Uskayaw (Swamp:4)
  20 acid blobs
  A quicksilver dragon (Depths:3)
  4 sphinxes
  3 tentacled starspawn
  Frances (D:13)
  Gastronok (D:8)
  Kirke (Spider:1)
  2 tengu reavers (Depths:2)
  3 azure jellies
  5 rockslimes
  Roxanne (Spider:1)
  Donald (Swamp:2)
  2 narguns (Depths:1)
  2 fire giants
  An iron dragon (Depths:1)
  5 emperor scorpions
  7 frost giants
  6 deep elf elementalists (Elf:3)
  3 spectral caustic shrikes (Depths:2)
  6 deep elf sorcerers
  Louise (D:15)
  6 ghost moths
  A ghoul (Swamp:4)
  2 spriggan defenders (Depths:3)
  A cacodemon (Abyss:3)
  An orc warlord (Orc:2)
  A broodmother (Spider:3)
  3 stone giants
  A juggernaut skeleton (Depths:1)
  2 very ugly things (Depths:3)
  3 quicksilver oozes
  Nessos (D:14)
  A lorocyproca (Abyss:5)
  4 dire elephants (Abyss:3)
  4 deep elf demonologists (Elf:3)
  4 eleionomae
  4 bunyips
  6 deep elf annihilators
  3 vampire knights (Depths:3)
  A minotaur (Gauntlet)
  12 spark wasps
  A green death (Gauntlet)
  10 fire dragons
  Josephine (Orc:1)
  8 ettins
  4 deep elf death magi (Elf:3)
  A shambling mangrove (Swamp:4)
  7 deep elf high priests
  2 rakshasas
  A caustic shrike simulacrum (IceCv)
  7 ice dragons
  3 entropy weavers
  Harold (D:10)
  2 great orbs of eyes (Slime:5)
  2 jorogumos (Spider:4)
  3 radroaches
  3 vault guards (D:13)
  4 centaur warriors
  2 spriggan air magi
  2 hell beasts (Depths:1)
  21 hydras
  An ogre mage (Abyss:5)
  11 alligators
  A catoblepas (Lair:5)
  6 two-headed ogres
  4 boulder beetles
  9 deep troll shamans
  42 dancing weapons
  A death scarab (Spider:2)
  3 deep troll earth magi
  4 tengu warriors
  2 thrashing horrors (Abyss:3)
  11 death yaks
  A soul eater (Abyss:3)
  13 deep elf knights
  A hell knight (D:15)
  2 spriggan berserkers
  Sonja (Orc:1)
  7 spriggans
  4 iron trolls (Depths:1)
  8 pharaoh ants
  A skyshark (Lair:5)
  8 large abominations
  A sixfirhy (Abyss:3)
  2 sun moths
  6 spriggan druids
  2 wretched stars
  3 goliath frogs (Swamp:1)
  2 death drakes
  13 orb spiders
  8 skeletal warriors
  5 bog bodies
  19 deep trolls
  17 swamp dragons
  3 flayed ghosts
  A swamp dragon (shapeshifter) (Abyss:5)
  A glowing orange brain (Slime:5)
  A spriggan simulacrum (Abyss:5)
  2 obsidian statues (IceCv)
  2 wizards
  9 deep elf archers
  22 deep elf pyromancers
  2 phantasmal warriors (Depths:3)
  Pikel (D:4)
  4 orc knights
  5 steelbarb worms
  5 necromancers
  18 deep elf zephyrmancers
  A lindwurm (Lair:4)
  2 orc sorcerers (Depths:3)
  A mana viper (shapeshifter) (D:15)
  An oklob plant (Gauntlet)
  17 wolf spiders
  15 ugly things
  A tengu skeleton (Depths:1)
  5 manticores
  3 cyclopes
  2 shining eyes (Slime:2)
  3 will-o-the-wisps
  A worldbinder (Abyss:5)
  11 elephants
  3 moths of wrath
  5 demonic crawlers
  An eye of devastation (Slime:2)
  A torpor snail (Lair:4)
  2 ice statues (D:15)
  2 gargoyles
  2 orange demons
  15 cane toads
  4 black mambas
  A smoke demon (Abyss:3)
  3 unseen horrors
  4 rime drakes
  An efreet (Abyss:5)
  9 komodo dragons
  6 tengu conjurers
  6 freezing wraiths (IceCv)
  An ice devil (IceCv)
  8 tyrant leeches
  5 golden dragon simulacra (IceCv)
  A queen bee (Lair:4)
  14 meliai
  An ancient zyme (Abyss:5)
  8 trolls
  3 polar bears
  Prince Ribbit (D:7)
  14 hornets
  16 blink frogs
  23 tarantellas
  3 raiju
  Sigmund (D:2)
  6 dream sheep (Lair:5)
  2 flying skulls
  107 slime creatures
  23 jumping spiders
  3 air elementals
  2 shadows
  26 culicivoras
  2 ynoxinuls (Abyss:5)
  A hog (Spider:1)
  5 water elementals
  5 wraiths
  47 yaks
  A vampire (D:11)
  A wyvern (Lair:1)
  Eustachio (D:4)
  4 fire elementals
  2 basilisks (Lair:4)
  4 neqoxecs
  A steam dragon (Lair:4)
  7 golden eyes
  3 fire bats (Abyss:5)
  3 chaos spawn (Abyss:5)
  13 vampire mosquitoes
  47 redbacks
  18 humans (D:13)
  A minotaur simulacrum (IceCv)
  A harpy simulacrum (D:15)
  18 swamp worms
  8 wargs
  2 acid dragons (Gauntlet)
  A human skeleton (Depths:1)
  6 water moccasins
  A floating eye (shapeshifter) (Abyss:5)
  A hell hound (Abyss:5)
  2 hydra simulacra (IceCv)
  3 ice beasts
  48 orc warriors
  11 swamp drakes
  2 black bears
  A sky beast (D:7)
  3 ettin simulacra (IceCv)
  3 ogres
  12 wolves
  16 centaurs
  2 lemures (D:4)
  A phantom (D:6)
  A kobold brigand (D:8)
  9 bullfrogs
  An earth elemental (Elf:1)
  A deep troll simulacrum (IceCv)
  A glowing shapeshifter simulacrum (Depths:1)
  5 scorpions
  4 small abominations
  5 wights (D:6)
  38 killer bees
  A howler monkey (shapeshifter) (Depths:3)
  3 electric eels (D:11)
  5 howler monkeys
  A jelly (D:7)
  23 orc priests
  2 hounds
  Natasha (thrice) (D:4)
  Terence (D:2)
  3 iguanas
  33 orc wizards
  6 adders
  2 shadow imps
  An ufetubus (D:5)
  2 dart slugs
  123 orcs
  5 ball pythons
  7 bats
  8 endoplasms
  3 giant cockroaches
  11 goblins
  10 hobgoblins
  10 jackals
  7 quokkas
  5 frilled lizards
  12 kobolds
  5 rats
  2 spectral weapons (Elf:1)
  8 starspawn tentacles
1621 creatures vanquished.

Vanquished Creatures (collateral kills)
  A rockslime (Slime:5)
  An ettin (Depths:2)
  A dancing weapon (Elf:2)
3 creatures vanquished.

Vanquished Creatures (others)
  A deep elf high priest (Elf:3)
  A deep elf archer (Elf:3)
  A frost giant zombie (Depths:3)
  An elf zombie (Elf:3)
  A tarantella (Spider:1)
  A bloated husk (Swamp:4)
  5 humans (Spider:1)
  A deep troll zombie (Depths:2)
  A floating eye (Depths:3)
  An electric eel (Spider:4)
  40 foxfires
  7 starspawn tentacles (Abyss:5)
61 creatures vanquished.

Grand Total: 1685 creatures vanquished

Notes
Turn   | Place    | Note
-------+----------+-------------------------------------------
     0 | D:1      | Pepete the Minotaur Berserker began the quest for the Orb.
     0 | D:1      | Reached XP level 1. HP: 19/19 MP: 0/0
    73 | D:1      | Reached XP level 2. HP: 20/27 MP: 1/1
   568 | D:1      | Reached XP level 3. HP: 33/33 MP: 2/2
   632 | D:1      | Reached ** piety under Trog
  1515 | D:2      | Found a faded altar of an unknown god.
  1628 | D:2      | Noticed Sigmund
  1636 | D:2      | Killed Sigmund
  1637 | D:2      | Reached skill level 5 in Fighting
  1637 | D:2      | Reached skill level 5 in Axes
  1637 | D:2      | Reached XP level 4. HP: 42/42 MP: 3/3
  1637 | D:2      | Reached XP level 5. HP: 48/48 MP: 4/4
  1752 | D:2      | Noticed Terence
  1760 | D:2      | Killed Terence
  2288 | D:2      | Reached XP level 6. HP: 56/56 MP: 5/5
  3109 | D:4      | Noticed Pikel
  3116 | D:4      | Reached skill level 5 in Armour
  3116 | D:4      | Noticed Eustachio
  3122 | D:4      | Killed Pikel
  3123 | D:4      | Reached XP level 7. HP: 64/64 MP: 6/6
  3144 | D:4      | Killed Eustachio
  3635 | D:4      | Found a sparkling altar of Nemelex Xobeh.
  3636 | D:4      | Found a shadowy altar of Dithmenos.
  3765 | D:4      | Reached *** piety under Trog
  3848 | D:4      | Noticed Natasha
  3855 | D:4      | Killed Natasha
  3856 | D:4      | Reached XP level 8. HP: 73/73 MP: 7/7
  3991 | D:4      | Noticed Natasha
  3998 | D:4      | Killed Natasha
  4003 | D:4      | Noticed Natasha
  4008 | D:4      | Killed Natasha
  4299 | D:5      | Entered Level 5 of the Dungeon
  5133 | D:6      | Reached **** piety under Trog
  5269 | D:6      | Reached XP level 9. HP: 68/80 MP: 8/8
  6303 | D:6      | Gained mutation: Armour fits poorly on your strangely
                  | shaped body. [potion of mutation]
  6808 | D:7      | Reached skill level 10 in Fighting
  6808 | D:7      | Reached skill level 10 in Axes
  6836 | D:7      | Found a staircase to the Ecumenical Temple.
  7037 | D:7      | Noticed Prince Ribbit
  7052 | D:7      | Killed Prince Ribbit
  7053 | D:7      | Reached skill level 10 in Armour
  7317 | D:8      | Reached XP level 10. HP: 35/94 MP: 9/9
  8437 | D:8      | Lost mutation: Armour fits poorly on your strangely shaped
                  | body. [potion of mutation]
  8437 | D:8      | Gained mutation: Your natural rate of healing is unusually
                  | fast. [potion of mutation]
  8543 | D:8      | Noticed Gastronok
  8558 | D:8      | Killed Gastronok
  8807 | D:9      | Found a staircase to the Lair.
  9058 | D:9      | Noticed a two-headed ogre
  9386 | D:9      | Killed a two-headed ogre
  9584 | D:9      | Reached ***** piety under Trog
 10140 | D:10     | Entered Level 10 of the Dungeon
 10140 | D:10     | Noticed Harold
 10157 | D:10     | Killed Harold
 10158 | D:10     | Reached XP level 11. HP: 105/105 MP: 10/10
 11919 | D:11     | Reached skill level 1 in Shields
 11922 | D:11     | Noticed a skeletal warrior
 11932 | D:11     | Killed a skeletal warrior
 12705 | D:11     | Noticed a skeletal warrior
 12710 | D:11     | Noticed a skeletal warrior
 12725 | D:11     | Killed a skeletal warrior
 12727 | D:11     | Killed a skeletal warrior
 12728 | D:11     | Reached skill level 5 in Shields
 12737 | D:11     | Noticed a skeletal warrior
 12860 | D:11     | Killed a skeletal warrior
 13096 | D:11     | Noticed a two-headed ogre
 13103 | D:11     | Killed a two-headed ogre
 13389 | D:11     | Noticed a boulder beetle
 13406 | D:11     | Killed a boulder beetle
 13801 | D:11     | Noticed a two-headed ogre
 13809 | D:11     | Killed a two-headed ogre
 14245 | D:12     | Reached XP level 12. HP: 118/118 MP: 11/11
 14743 | D:12     | Found a staircase to the Orcish Mines.
 15185 | D:12     | Noticed a two-headed ogre
 15190 | D:12     | Killed a two-headed ogre
 15190 | D:12     | Received a gift from Trog
 15191 | D:12     | Reached skill level 15 in Fighting
 15300 | D:12     | HP: 3/119 [titanic slime creature (85)]
 15989 | Lair:1   | Entered Level 1 of the Lair of Beasts
 16000 | Lair:1   | Reached skill level 10 in Shields
 18104 | Lair:3   | Found a hole to the Spider Nest.
 18569 | Lair:3   | Reached XP level 13. HP: 128/128 MP: 4/12
 18622 | Lair:3   | Received a gift from Trog
 18660 | Lair:3   | Found a staircase to the Swamp.
 21477 | Lair:4   | Found a runed translucent gate.
 21477 | Lair:4   | Found a runed translucent gate.
 21477 | Lair:4   | Found a runed translucent gate.
 21480 | Lair:4   | Found the +2 cloak of the Thief {*Fog Slay-2 SInv Stlth+}
 21481 | Lair:4   | Noticed Dupnen's ghost (journeyman GnFE)
 21497 | Lair:4   | Found a staircase to the Slime Pits.
 22183 | Lair:4   | Reached skill level 15 in Armour
 22969 | Lair:4   | Reached XP level 14. HP: 116/138 MP: 4/13
 23099 | Lair:4   | Reached skill level 1 in Maces & Flails
 24014 | Lair:5   | Entered Level 5 of the Lair of Beasts
 25838 | Lair:5   | Reached skill level 5 in Maces & Flails
 26114 | Lair:5   | Received a gift from Trog
 27152 | D:13     | Found a gate leading to a gauntlet.
 27161 | Gauntlet | Entered a Gauntlet
 27161 | Gauntlet | Found a transporter.
 27169 | Gauntlet | Found a transporter.
 27171 | Gauntlet | Found a transporter.
 27179 | Gauntlet | Found a runed translucent gate.
 27179 | Gauntlet | Found a runed translucent gate.
 27179 | Gauntlet | Found a runed translucent gate.
 27182 | Gauntlet | Found a transporter.
 27185 | Gauntlet | Found a transporter.
 27190 | Gauntlet | Found a runed translucent door.
 27190 | Gauntlet | Found a runed translucent door.
 27195 | Gauntlet | Found a transporter.
 27208 | Gauntlet | Noticed a reaper
 27211 | Gauntlet | Found a transporter.
 27222 | Gauntlet | Found a transporter.
 27234 | Gauntlet | Found a transporter.
 27235 | Gauntlet | Found a runed translucent door.
 27243 | Gauntlet | Found a runed translucent door.
 27249 | Gauntlet | Found a transporter.
 27261 | Gauntlet | Found a transporter.
 27263 | Gauntlet | Found a transporter.
 27306 | Gauntlet | Found a transporter.
 27320 | Gauntlet | Found a transporter.
 28315 | Gauntlet | Identified the +2 pair of boots "Mimota" {Regen+ Str+8
                  | Dex-5}
 29254 | D:13     | Identified the +3 falchion of Popular Demand {heavy, Str+3}
 30224 | D:13     | Found a gate to the Vaults.
 30517 | D:13     | Noticed Frances
 30526 | D:13     | Killed Frances
 30530 | D:13     | Reached XP level 15. HP: 145/145 MP: 14/14
 31150 | D:13     | Reached skill level 10 in Maces & Flails
 31289 | D:14     | Found a radiant altar of Vehumet.
 31292 | D:14     | Identified the +0 pair of boots "Qoum" {rPois Dex+3}
 32124 | D:14     | Noticed Nessos
 32500 | D:14     | Killed Nessos
 32670 | D:14     | Found a shadowy altar of Dithmenos.
 32885 | D:15     | Entered Level 15 of the Dungeon
 33056 | D:15     | HP: 7/145 [hell knight/+1 halberd of flaming (6)]
 33224 | D:15     | Found a frozen archway.
 33243 | IceCv    | Entered an ice cave
 34741 | IceCv    | Identified the +6 ice dragon scales of Daffodils {rF- rC++
                  | Regen+ rCorr Int-5 Dex-5}
 34936 | IceCv    | Noticed an Ice Fiend
 35099 | IceCv    | Killed an Ice Fiend
 37290 | D:15     | Found a staircase to the Depths.
 37318 | D:15     | Identified the +0 leather armour "Suveib" {+Blink rN+}
 37386 | D:15     | Noticed Louise
 37393 | D:15     | Killed Louise
 39193 | D:15     | Lost intelligence.
 39193 | D:15     | Lost dexterity.
 39706 | Orc:1    | Entered Level 1 of the Orcish Mines
 40053 | Orc:2    | Entered Level 2 of the Orcish Mines
 40163 | Orc:2    | Received a gift from Trog
 41013 | Orc:2    | Found a staircase to the Elven Halls.
 41116 | Orc:2    | Reached XP level 16. HP: 154/154 MP: 15/15
 42027 | Orc:2    | Found Hoxzoacw's Antique Armour Boutique.
 42027 | Orc:2    | Found Ygruhis's Book Shoppe.
 42029 | Orc:2    | Found Veichyim's Antique Armour Emporium.
 42031 | Orc:2    | Found Zojeoxka's Assorted Antiques.
 42045 | Orc:2    | Bought a distressingly furry cloak for 237 gold pieces
 42045 | Orc:2    | Identified the +2 cloak of the Pleiades {rF+} (You bought
                  | it in a shop on level 2 of the Orcish Mines)
 42198 | Orc:1    | Noticed Sonja
 42198 | Orc:1    | You fall into a shaft and drop 1 floor!
 42306 | Orc:1    | Killed Sonja
 42356 | Orc:1    | Noticed Josephine
 42377 | Orc:1    | Killed Josephine
 43117 | Spider:1 | Entered Level 1 of the Spider Nest
 43428 | Spider:1 | Noticed Kirke
 43483 | Spider:1 | Killed Kirke
 43520 | Spider:1 | Received a gift from Trog
 43521 | Spider:1 | Noticed Jorgrun
 43545 | Spider:1 | Killed Jorgrun
 44505 | Spider:1 | Noticed Roxanne
 44546 | Spider:1 | Killed Roxanne
 45094 | Spider:2 | Reached skill level 15 in Maces & Flails
 46659 | Spider:3 | Reached skill level 15 in Shields
 47464 | Spider:3 | Received a gift from Trog
 47499 | Spider:3 | Noticed Arachne
 47541 | Spider:3 | Killed Arachne
 48406 | Spider:4 | Entered Level 4 of the Spider Nest
 49511 | Spider:4 | Reached XP level 17. HP: 163/163 MP: 16/16
 52391 | Spider:4 | Got a gossamer rune of Zot
 52945 | Spider:4 | Reached ****** piety under Trog
 53855 | Swamp:1  | Entered Level 1 of the Swamp
 54351 | Swamp:1  | Received a gift from Trog
 54352 | Swamp:1  | Found the +4 consecrated labrys {holy, Valiant Fragile Fly
                  | SInv}
 56773 | Swamp:2  | Noticed Donald
 56786 | Swamp:2  | Killed Donald
 59430 | Swamp:4  | Entered Level 4 of the Swamp
 59430 | Swamp:4  | Noticed salammoniac's ghost (adept KoDe)
 59430 | Swamp:4  | Identified the +10 broad axe of Spores {chaos, Drain rElec
                  | Int+8 Dex+5}
 59430 | Swamp:4  | Found a runed translucent door.
 59430 | Swamp:4  | Found a shimmering altar of Xom.
 59443 | Swamp:4  | Reached XP level 18. HP: 174/174 MP: 17/17
 61038 | Swamp:4  | Identified the +1 robe "Ahumi" {Drain rF+ Int+5}
 61057 | Swamp:4  | Received a gift from Trog
 63292 | Swamp:4  | Noticed the 27-headed Lernaean hydra
 64160 | Swamp:4  | Killed the 27-headed Lernaean hydra
 65349 | Swamp:4  | Got a decaying rune of Zot
 65684 | Swamp:4  | Killed salammoniac's ghost
 66165 | Elf:1    | Entered Level 1 of the Elven Halls
 66561 | Elf:1    | Received a gift from Trog
 67160 | Elf:1    | Found Ucsumaxaeck's Magic Scroll Boutique.
 67169 | Elf:1    | Bought a scroll of blinking for 97 gold pieces
 67418 | Elf:1    | Noticed Asterion
 67432 | Elf:1    | Killed Asterion
 67900 | Elf:2    | Found a flickering gateway to a bazaar.
 67907 | Bazaar   | Entered a bazaar
 67921 | Bazaar   | Found Vanisus's Book Shoppe.
 67937 | Bazaar   | Found Qopiol's Jewellery Shoppe.
 67953 | Bazaar   | Found Ferafen's Distillery.
 67953 | Bazaar   | Found Orygen's General Store.
 67975 | Bazaar   | Found Teenuoj's Magic Scroll Shoppe.
 68081 | Bazaar   | Bought a manual of Fighting for 720 gold pieces
 68121 | Bazaar   | Bought a +4 ring of slaying for 624 gold pieces
 68145 | Bazaar   | Bought a scroll of teleportation for 27 gold pieces
 68145 | Bazaar   | Bought a scroll of enchant armour for 67 gold pieces
 68185 | Bazaar   | Bought a potion of resistance for 60 gold pieces
 68185 | Bazaar   | Bought a potion of curing for 18 gold pieces
 68185 | Bazaar   | Bought a potion of heal wounds for 30 gold pieces
 68185 | Bazaar   | Bought a potion of might for 24 gold pieces
 68185 | Bazaar   | Bought a potion of heal wounds for 30 gold pieces
 68231 | Elf:2    | Identified the +5 long sword "Vaonaig" {freeze, MP+9 Dex+3}
 68293 | Elf:2    | Reached skill level 15 in Axes
 68563 | Elf:2    | Received a gift from Trog
 68744 | Elf:2    | Found a runed translucent gate.
 68745 | Elf:2    | Found a runed translucent gate.
 68745 | Elf:2    | Found a runed translucent gate.
 69164 | Elf:2    | Found a runed translucent gate.
 69164 | Elf:2    | Found a runed translucent gate.
 69164 | Elf:2    | Found a runed translucent gate.
 70107 | Elf:2    | Reached XP level 19. HP: 185/185 MP: 18/18
 71488 | Abyss:3  | Cast into level 3 of the Abyss (+2 morningstar of
                  | distortion)
 71584 | Abyss:3  | Reached skill level 1 in Evocations
 71713 | Abyss:3  | Noticed a bone dragon
 71718 | Abyss:3  | Gained mutation: You are dopey. (Int -2) [a cacodemon]
 71726 | Abyss:3  | Noticed a pearl dragon
 71728 | Abyss:3  | Killed a bone dragon
 71744 | Abyss:3  | HP: 5/185 [pearl dragon (21)]
 71746 | Abyss:3  | Found a corrupted altar of Lugonu.
 71749 | Abyss:3  | Noticed a hellephant
 71756 | Abyss:3  | Found a corrupted altar of Lugonu.
 71756 | Abyss:3  | Noticed a hellephant
 71756 | Abyss:3  | HP: 2/185 [hellephant (24)]
 71953 | Abyss:5  | Noticed a bone dragon
 71958 | Abyss:5  | Paralysed by a floating eye for 4 turns
 71967 | Abyss:5  | Received a gift from Trog
 71972 | Abyss:5  | Killed a bone dragon
 71992 | Elf:2    | Escaped the Abyss
 72443 | Elf:2    | Reached skill level 5 in Evocations
 73094 | Elf:3    | Entered Level 3 of the Elven Halls
 73124 | Elf:3    | Paralysed by an air elemental for 1 turns
 73644 | Elf:3    | Found Epsennoy's Armour Shop.
 73649 | Elf:3    | Found Liacomy's Magic Scroll Shop.
 73664 | Elf:3    | Bought a scroll of teleportation for 42 gold pieces
 73664 | Elf:3    | Bought a scroll of blinking for 105 gold pieces
 73730 | Elf:3    | Found Yriagabi's Armour Boutique.
 73945 | Elf:3    | Identified the +8 plate armour "Hinutoesm" {Harm rPois}
 73948 | Abyss:5  | Cast into level 5 of the Abyss (a deep elf sorcerer)
 73953 | Abyss:5  | Noticed an ancient lich
 73953 | Abyss:5  | Noticed a bone dragon
 74067 | Abyss:5  | Received a gift from Trog
 74080 | Abyss:5  | Found a corrupted altar of Lugonu.
 74116 | Abyss:5  | Noticed a bone dragon
 74134 | Abyss:5  | Killed a bone dragon
 74178 | Abyss:5  | Gained mutation: Your magical capacity is low. (-10% MP) [a
                  | neqoxec]
 74179 | Abyss:5  | Gained mutation: Your spells are a little easier to cast,
                  | but a little less powerful. [a neqoxec]
 74225 | Elf:3    | Escaped the Abyss
 74305 | Elf:3    | HP: 3/185 [deep elf high priest/a malign offering (25)]
 74423 | Elf:3    | Noticed a Tzitzimitl
 74425 | Elf:3    | Reached XP level 20. HP: 193/193 MP: 17/17
 75567 | Elf:3    | Identified the +7 hand axe of Xyics {antimagic, rElec}
 77614 | Elf:3    | Identified the ring "Jale" {*Corrode rPois rF+++ Str+2
                  | Dex+3 Slay+4}
 77771 | Elf:3    | Identified the ring of Yjampopu {Fly rElec rCorr Str+4
                  | Dex+3}
 80797 | Depths:1 | Entered Level 1 of the Depths
 81259 | Depths:1 | Received a gift from Trog
 81966 | Depths:1 | Found a one-way gate leading to the halls of Pandemonium.
 82066 | Depths:1 | Identified the +6 double sword "Nuluola" {chaos, rN+++
                  | Str+4 Dex-3}
 82088 | Depths:1 | Identified the +11 double sword of the Dead {vamp, rN+
                  | Int+4}
 82216 | Depths:1 | Found a corrupted altar of Lugonu.
 82220 | Depths:1 | Found a one-way gate to the infinite horrors of the Abyss.
 82242 | Depths:1 | Found a gateway to Hell.
 82245 | Depths:1 | Noticed a bone dragon
 82261 | Depths:1 | Killed a bone dragon
 82655 | Depths:2 | Found Imid's Book Shoppe.
 82659 | Depths:2 | Found Nauvylimp's Jewellery Boutique.
 82660 | Depths:2 | Found Nioved's Book Shoppe.
 82673 | Depths:2 | Bought a +6 ring of strength for 612 gold pieces
 82951 | Depths:2 | Found a hazy altar of Hepliaklqana.
 82987 | Depths:2 | Found a blossoming altar of Fedhas.
 83111 | Depths:2 | Received a gift from Trog
 83518 | Depths:2 | Paralysed by a sphinx for 4 turns
 84350 | Depths:3 | Found a one-way gateway to a ziggurat.
 84362 | Depths:3 | Paralysed by a floating eye for 3 turns
 84366 | Depths:3 | Paralysed by a floating eye for 4 turns
 84406 | Depths:3 | Noticed a golden dragon
 84412 | Depths:3 | Identified the +6 chain mail of the Lion {Str+4}
 84412 | Depths:3 | Noticed Saint Roka
 84416 | Depths:3 | Reached XP level 21. HP: 125/201 MP: 17/17
 84419 | Depths:3 | Noticed a caustic shrike
 84422 | Depths:3 | Killed a golden dragon
 84427 | Depths:3 | Noticed a caustic shrike
 84785 | Depths:3 | Killed a caustic shrike
 85078 | Depths:3 | Killed a caustic shrike
 85485 | Depths:3 | Noticed a juggernaut
 85497 | Depths:3 | Killed a juggernaut
 85503 | Depths:3 | Received a gift from Trog
 85518 | Depths:3 | Identified the +5 rapier of Beusuruw {freeze, +Blink Int-5
                  | Dex+7}
 85614 | Depths:3 | Identified the ring of Dutivac {Drain Will+ Str-4 Dex+5
                  | SInv}
 86274 | Depths:3 | Killed Saint Roka
 88633 | Slime:1  | Entered Level 1 of the Pits of Slime
 88655 | Slime:1  | Reached skill level 1 in Long Blades
 88831 | Slime:2  | Gained mutation: You sometimes lose your temper in combat.
                  | [a shining eye]
 88833 | Slime:2  | Gained mutation: You are weak. (Str -2) [a shining eye]
 88835 | Slime:2  | Gained mutation: You have supernaturally acute eyesight.
                  | (SInv) [a shining eye]
 88836 | Slime:2  | Gained mutation: You have an uncontrollable temper. [a
                  | shining eye]
 88862 | Slime:2  | Received a gift from Trog
 89748 | Lair:3   | Lost mutation: Your magical capacity is low. (-10% MP)
                  | [potion of mutation]
 89748 | Lair:3   | Lost mutation: You are weak. (Str -2) [potion of mutation]
 89748 | Lair:3   | Lost mutation: Your spells are a little easier to cast, but
                  | a little less powerful. [potion of mutation]
 89748 | Lair:3   | Gained mutation: You are vulnerable to cold. (rC-) [potion
                  | of mutation]
 89748 | Lair:3   | Gained mutation: You have hidden genetic potential. [potion
                  | of mutation]
 89749 | Lair:3   | Lost mutation: You are dopey. (Int -2) [potion of mutation]
 89749 | Lair:3   | Lost mutation: You have supernaturally acute eyesight.
                  | (SInv) [potion of mutation]
 89749 | Lair:3   | Gained mutation: Your movements are slightly less
                  | encumbered by armour. (ER -2) [potion of mutation]
 91192 | Slime:5  | Entered Level 5 of the Pits of Slime
 91228 | Slime:5  | Received a gift from Trog
 91231 | Slime:5  | Reached skill level 5 in Long Blades
 95195 | Slime:5  | Noticed the Royal Jelly
 95195 | Slime:5  | Found the +4 Cigotuvi's embrace {Corpsefed rMiasma Drain
                  | rN+}
 95198 | Slime:5  | Found a viscous altar of Jiyva.
 95218 | Slime:5  | Killed the Royal Jelly
 95224 | Slime:5  | Mangled by an acid blob

Illustrated notes

Levels and vault maps discovered:
D:1:      lemuel_arrival_tunnels, layout_loops_corners, serial_bayou_pond_b
D:2:      layout_loops_cross, hellmonk_ecumenical_altar_lost_god, uniq_terence,
          uniq_sigmund
D:3:      layout_rooms, grunt_ministairs_10, solitary_fountain
D:4:      layout_cave_pools, mainiacjoe_overflow_divided_tiny, uniq_pikel,
          uniq_eustachio, uniq_natasha
D:5:      layout_loops_ring
D:6:      layout_loops_ring
D:7:      layout_basic, minmay_temple_entry_gardened_gates, uniq_prince_ribbit1
D:8:      layout_basic, serial_rivers, chequers_serial_rivers_small_3,
          chequers_serial_rivers_micro_a, chequers_serial_rivers_large_a,
          chequers_serial_rivers_micro_c, chequers_serial_rivers_micro_e,
          uniq_gastronok
D:9:      layout_basic, lair_entry_dummy
D:10:     layout_irregular_city, serial_co_window_serial,
          co_window_of_opportunity_a, co_window_of_opportunity_a,
          co_window_paths_a, co_window_paths_b, co_window_paths_a,
          co_window_paths_b, co_window_paths_b, co_window_corner_a,
          co_window_of_opportunity_a, co_window_unsneaky_path_a,
          co_window_paths_c, co_window_2corner, co_window_paths_e,
          co_window_4corner_a, glass_columns_a, glass_columns_a,
          glass_columns_c, glass_columns_a, glass_columns_b, st_stairs_3,
          uniq_harold
D:11:     layout_basic
D:12:     layout_stronghold, hiddenorc2_lemuel
D:13:     layout_irregular_city, grunt_vaults_entry_tiered,
          gauntlet_entry_generic, uniq_frances
D:14:     layout_long_grid, vehumet_crystals, grunt_dithmenos_smoke, uniq_nessos
D:15:     hangedman_depths_entry_civil_slaughter, layout_grid_maze,
          portal_ice_cave_entry_ice_statue_two, minmay_misc_feat_square,
          uniq_louise
Lair:1:   layout_loops_ring
Lair:2:   layout_gridlike, serial_forest, infiniplex_forest_clump_small,
          infiniplex_forest_clump_tiny, infiniplex_forest_clump_diagonal,
          infiniplex_forest_end_2, infiniplex_forest_lined_ring,
          infiniplex_forest_lined_3, infiniplex_forest_clump_small,
          small_statue_intersection
Lair:3:   layout_layer_cave, minmay_swamp_entry_worms,
          nicolae_spider_entry_orb_guardian
Lair:4:   regret_index_combs_of_tragedy, layout_gridlike, slime_entry_1,
          gammafunk_ghost_necromancy, lemuel_fruit_tree
Lair:5:   grunt_lair_end_beastmaster, layout_cave_pods,
          dreamdust_mushroom_princess
Swamp:1:  layout_basic_swamp, evilmike_swamp_ruin_house_4, swamp_pool1,
          nicolae_swamp_drake_lake
Swamp:2:  layout_basic_swamp, nicolae_swamp_oxbows, swamp_pool3, uniq_donald
Swamp:3:  layout_falls_marsh, nicolae_swamp_tree_isthmus
Swamp:4:  swamp_old_school, layout_basic_swamp, ebering_ghost_xom, swamp_pool3
Spider:1: layout_cave_pods, uniq_roxanne, uniq_kirke, uniq_jorgrun
Spider:2: layout_spider_delve
Spider:3: layout_chambers, uniq_arachne
Spider:4: spider_rune_water
Slime:1:  layout_caves
Slime:2:  nicolae_slime_infinislime, layout_caves
Slime:3:  layout_caves
Slime:4:  layout_caves
Slime:5
Orc:1:    layout_caves, uniq_sonja, uniq_josephine
Orc:2:    st_orc_rangers, layout_caves, basic_altar
Elf:1:    minmay_elf_arrival_circle, layout_onion_city, serial_shops,
          nicolae_diamond_shop, hangedman_elf_represent, uniq_asterion
Elf:2:    nicolae_elf_blades_crystal_corner, layout_loops_corners, serial_shops,
          bzr_entry_islet, nicolae_elf_m_pinch,
          nicolae_gammafunk_elf_defective_weapons_storage
Elf:3:    minmay_elf_hall_x, layout_geoelf_diagonals, serial_shops, shop,
          minmay_shop_star
Depths:1: layout_basic, nicolae_titane, abyss_entry_flame_altar,
          grunt_mini_vestibule, pan_entry, minmay_misc_feat_alley,
          serial_sigils_hangedman_scar, st_stairs_2, nicolae_rock_paper_scissors
Depths:2: nicolae_hexawheel, layout_gridlike, pan_entry,
          pf_hell_entry_tar_river, abyss_entry, fedhas_altar_2,
          nicolae_hepliaklqana_hazy_memory, infiniplex_staircase_hallway_doors,
          minmay_shop_grove
Depths:3: minmay_the_grid_octo_tiled_octocenter_mashed
          [minmay_the_grid_octo_teeth, minmay_the_grid_octo_horde,
          minmay_the_grid_octo_checkered, minmay_the_grid_octo_77,
          minmay_the_grid_octo_prize_ultimate_mussel_roller,
          minmay_the_grid_square_5x5_fat_x, minmay_the_grid_square_5x5_dogpile,
          minmay_the_grid_square_5x5_intrusive_squares,
          minmay_the_grid_square_5x5_v], layout_gridlike, enter_ziggurat_a,
          abyss_entry, grunt_decor_arrowhead, hell_entry, pan_entry,
          uniq_saint_roka

Skill      XL: |  1  2  3  4  5  6  7  8  9 10 11 12 13 14 15 16 17 18 19 20 21 |
---------------+----------------------------------------------------------------+-----
Axes           | 4 5 6 7 9 10 12 13 14 15 17 19 | 19.5
Fighting       | 4 5 6 7 8 10 12 14 15 16 17 18 20 22 | 22.0
Armour         | 3 4 6 8 10 12 15 18 19 20 21 22 23 | 23.1
Shields        | 7 12 15 18 20 23 | 23.8
Maces & Flails | 9 13 16 17 | 17.9
Evocations     | 5 |  5.0
Long Blades    | 9 |  9.9
Dodging        | |  2.1

Action                     |  1- 3 |  4- 6 |  7- 9 | 10-12 | 13-15 | 16-18 | 19-21 || total
---------------------------+-------+-------+-------+-------+-------+-------+-------++-------
  Melee: Hand axe          |    70 |    26 |       |       |       |       |       ||    96
         Headbutt          |    10 |     8 |    29 |    98 |   318 |   432 |   294 ||  1189
         War axe           |       |    47 |   205 |   325 |       |       |       ||   577
         Punch             |       |       |     2 |     8 |    17 |       |       ||    27
         Broad axe         |       |       |       |   146 |   273 |   244 |  1200 ||  1863
         Whip              |       |       |       |       |  1092 |  1904 |       ||  2996
  Throw: Dart              |       |       |       |     6 |       |       |       ||     6
 Invoke: Berserk           |     1 |     2 |     3 |     9 |    31 |    11 |    12 ||    69
         Trog's Hand       |       |       |       |       |     9 |     7 |    10 ||    26
         Brothers in Arms  |       |       |       |       |       |       |     2 ||     2
  Evoke: Wand              |       |       |       |       |       |     1 |     5 ||     6
    Use: Potion            |     2 |       |     2 |     3 |    16 |     1 |    34 ||    58
         Scroll            |     1 |     9 |     4 |    12 |    11 |    17 |    16 ||    70
   Stab: Petrified         |       |       |       |       |     8 |       |       ||     8
         Confused          |       |       |       |       |       |     1 |     5 ||     6
         Paralysed         |       |       |       |       |       |       |     3 ||     3
         Petrifying        |       |       |       |       |       |       |     1 ||     1
 Armour: Animal skin       |     4 |       |       |       |       |       |       ||     4
         Ring mail         |    12 |     6 |       |       |       |       |       ||    18
         Scale mail        |       |    34 |    85 |       |       |       |       ||   119
         Plate armour      |       |       |    41 |   216 |   744 |  1132 |       ||  2133
         Skin              |       |       |       |     3 |       |       |       ||     3
         Ice dragon scales |       |       |       |       |       |    89 |   486 ||   575
  Dodge: Dodged            |    35 |    57 |   118 |   278 |   803 |   929 |   321 ||  2541
  Block: Tower shield      |       |       |       |       |   178 |  1580 |  1177 ||  2935
         Kite shield       |       |       |       |       |       |   164 |       ||   164
         Reflection        |       |       |       |       |       |     3 |       ||     3
